 Dungeon Crawl Stone Soup version 0.32-a0-612-g1c984fe9d1 (webtiles) character file.

Game seed: 10841408569834294491

269594 juan097 the Tortoise (level 19, -3/177 HPs)
             Began as a Minotaur Berserker on Mar 2, 2024.
             Was the Champion of Lugonu.
             Hit by a large rock thrown by a stone giant (32 damage)
             ... summoned by a glowing orange brain
             ... in a wizard's laboratory on Mar 4, 2024.
             The game lasted 02:00:23 (39733 turns).

juan097 the Tortoise (Minotaur Berserker)          Turns: 39733, Time: 02:00:24

Health: -3/177     AC: 23    Str: 33    XL:     19   Next: 40%
Magic:  0/29       EV: 15    Int:  4    God:    Lugonu [******]
Gold:   1928       SH: 15    Dex: 13    Spells: 18/18 levels left

rFire   + . .        a - +9 broad axe (distort)
rCold   + . .        H - +2 kite shield {rN+}
rNeg    + . .        b - +7 Kryia's mail coat {PotionHeal*2 rC+}
rPois   +            e - +2 hat
rElec   .            j - +2 cloak
rCorr   .            F - +0 pair of gloves
SInv    .            P - +0 pair of boots "Raipn" {rF+ Slay+3}
Will    +....        U - amulet of guardian spirit
Stlth   +++          X - +4 ring of slaying {=R}
HPRegen 0.49/turn    r - ring "Wugaaky" {rPois Str+6 Stlth+}
MPRegen 0.21/turn

%: guardian spirit
@: corroded
A: horns 2, retaliatory headbutt
}: 2/15 runes: decaying, gossamer
a: Renounce Religion, Depart the Abyss, Banish, Corrupt, Enter the Abyss


You were in a wizard's laboratory.
You worshipped Lugonu.
Lugonu was exalted by your worship.
You visited 7 branches of the dungeon, and saw 32 of its levels.
You visited the Abyss 1 time.
You visited 1 bazaar.
You also visited: Bailey, Gauntlet, Ice Cave and Wizlab.

You collected 4250 gold pieces.
You spent 2322 gold pieces at shops.

Inventory:

Hand Weapons
 a - a +9 broad axe of distortion (weapon)
Missiles
 h - a boomerang (quivered)
 C - 7 javelins
Armour
 b - the +7 Kryia's mail coat (worn) {PotionHeal*2 rC+}
   (You found it on level 1 of the Spider Nest)

   PotionHeal*2: Potions heal its wearer twice as much.
   rC+:       It protects you from cold.
 c - the +0 pair of boots "Birum" {rElec Int+4 SInv}
   (You found it in a wizard's laboratory)

   Int+4:     It affects your intelligence (+4).
   rElec:     It insulates you from electricity.
   SInv:      It lets you see invisible.
 e - a +2 hat (worn)
 j - a +2 cloak (worn)
 F - a +0 pair of gloves (worn)
 H - a +2 kite shield of positive energy (worn)
 P - the +0 pair of boots "Raipn" (worn) {rF+ Slay+3}
   (You found it on level 4 of the Swamp)

   Slay+3:    It affects your accuracy & damage with ranged weapons and melee
   (+3).
   rF+:       It protects you from fire.
Jewellery
 r - the ring "Wugaaky" (right hand) {rPois Str+6 Stlth+}
   (You found it in an ice cave)

   [ring of strength]

   Str+6:     It affects your strength (+6).
   rPois:     It protects you from poison.
   Stlth+:    It makes you more stealthy.
 t - the ring "Hyirch Aryci" {Fire rPois rCorr Int+7 Dex-5}
   (You found it in an ice cave)

   [ring of fire]

   Fire:      It enhances your fire magic.
   Int+7:     It affects your intelligence (+7).
   Dex-5:     It affects your dexterity (-5).
   rF+:       It protects you from fire.
   rC-:       It makes you vulnerable to cold.
   rPois:     It protects you from poison.
   rCorr:     It protects you from acid and corrosion.
 K - the ring of Gikk {MP+9 AC+4 Int+4 Dex-2 SInv}
   (You took it off a minotaur in a Gauntlet)

   [ring of protection]

   AC+4:      It affects your AC (+4).
   Int+4:     It affects your intelligence (+4).
   Dex-2:     It affects your dexterity (-2).
   MP+9:      It affects your magic capacity (+9).
   SInv:      It lets you see invisible.
 U - an amulet of guardian spirit (around neck)
 X - a +4 ring of slaying (left hand) {=R}
Wands
 l - a wand of acid (2)
 w - a wand of warping (28)
 y - a wand of digging (3)
 W - a wand of charming (21)
Scrolls
 d - 6 scrolls of teleportation
 i - a scroll of summoning
 m - 2 scrolls of fog
 o - 5 scrolls of vulnerability
 p - 2 scrolls of poison
 z - 5 scrolls of fear
 L - 2 scrolls of revelation
 N - 3 scrolls of enchant armour
 Q - a scroll of blinking
 R - 2 scrolls of enchant weapon
 V - a scroll of silence
Potions
 f - a potion of lignification
 q - 10 potions of haste
 s - 9 potions of attraction
 u - 6 potions of mutation
 x - 5 potions of cancellation
 A - 4 potions of enlightenment
 E - 3 potions of resistance
 G - 4 potions of ambrosia
 I - 2 potions of berserk rage
 J - 5 potions of invisibility
 M - 4 potions of magic
 T - 5 potions of might
Miscellaneous
 n - a box of beasts
 O - a phial of floods
 Z - a lightning rod (4/4)


   Skills:
 + Level 17.3 Fighting
 - Level 18.0 Axes
 + Level 13.2 Throwing
 - Level 19.0 Armour
 + Level 11.8 Dodging
 - Level 6.0 Stealth
 - Level 15.0 Shields
 + Level 15.0 Invocations
 + Level 6.8 Evocations


You had 18 spell levels left.
You didn't know any spells.
Your spell library contained the following spells:

 Spells                   Type           Power      Damage    Failure   Level
 Apportation              Tloc           0%         N/A       75%         1
 Kiss of Death            Conj/Necr      0%         2d5       75%         1
 Necrotise                Necr           0%         1d4       75%         1
 Sting                    Conj/Alch      0%         1d3       75%         1
 Ensorcelled Hibernation  Hex/Ice        0%         N/A       86%         2
 Jinxbite                 Hex            0%         N/A       86%         2
 Lesser Beckoning         Tloc           0%         N/A       86%         2
 Mercury Vapours          Alch/Air       0%         N/A       86%         2
 Call Canine Familiar     Summ           0%         N/A       98%         3
 Fugue of the Fallen      Necr           0%         N/A       98%         3
 Gell's Gravitas          Tloc           0%         N/A       98%         3
 Mephitic Cloud           Conj/Alch/Air  0%         N/A       98%         3
 Ozocubu's Armour         Ice            0%         N/A       98%         3
 Passwall                 Erth           0%         N/A       98%         3
 Sigil of Binding         Hex            0%         N/A       98%         3
 Swiftness                Air            0%         N/A       98%         3
 Teleport Other           Tloc           0%         N/A       98%         3
 Vampiric Draining        Necr           0%         2d6       98%         3
 Animate Dead             Necr           0%         N/A       100%        4
 Brom's Barrelling Bould  Conj/Erth      0%         2d3       100%        4
 Dimensional Bullseye     Hex/Tloc       0%         N/A       100%        4
 Manifold Assault         Tloc           0%         N/A       100%        4
 Martyr's Knell           Necr/Summ      0%         N/A       100%        4
 Olgreb's Toxic Radiance  Alch           0%         N/A       100%        4
 Alistair's Intoxication  Alch           0%         N/A       100%        5
 Borgnjor's Vile Clutch   Necr/Erth      0%         N/A       100%        5
 Curse of Agony           Necr           0%         N/A       100%        5
 Fireball                 Conj/Fire      0%         3d3       100%        5
 Freezing Cloud           Conj/Ice/Air   0%         6-21      100%        5
 Iskenderun's Battlesphe  Conj           0%         2d6       100%        5
 Conjure Ball Lightning   Conj/Air       0%         3x3d6     100%        6
 Dispersal                Tloc           0%         N/A       100%        6
 Eringya's Noxious Bog    Alch           0%         4d6       100%        6
 Haunt                    Necr/Summ      0%         N/A       100%        7
 Orb of Destruction       Conj           0%         9d5       100%        7
 Ozocubu's Refrigeration  Ice            0%         4d7       100%        7
 Discord                  Hex            0%         N/A       100%        8
 Disjunction              Tloc           0%         N/A       100%        8
 Infestation              Necr           0%         N/A       100%        8


Dungeon Overview and Level Annotations

Branches:
Dungeon (15/15)            Temple (1/1) D:5            Lair (5/5) D:10
  Swamp (4/4) Lair:2       Spider (4/4) Lair:3          Orc (2/2) D:12
    Elf (0/3) Orc:2        Vaults (1/5) D:14         Depths (0/4) D:15
 Bailey (visited)           IceCv (visited)          WizLab (1/1)
Gauntlet (visited)
  Slime: Lair:4-5

Altars:
Ashenzari
Cheibriados
Dithmenos
Elyvilon
Fedhas
Gozag
Hepliaklqana
Kikubaaqudgha
Makhleb
Nemelex Xobeh
Okawaru
Qazlal
Ru
Sif Muna
Trog
Uskayaw
Vehumet
Wu Jian
Xom
Yredelemnul
Zin
The Shining One
Beogh

Shops:
D:1 ?[   D:4 ?   D:10 (   D:12 (   Orc:2 (:*(

Portals:
Abyss: D:4

Annotations:
D:5 2 runed translucent doors
D:10 1 runed translucent door, TheLasagnaBaron's ghost, journeyman OnBe
D:13 Frances; Rupert
D:14 Nessos
Orc:1 1 runed translucent door, Liray's ghost, journeyman FeSu
Abyss:1 Arachne; Azrael; Vioczuc's ghost, adept TrCK WizLab 1 transporter


Innate Abilities, Weirdness & Mutations

You have a pair of horns on your head.
You reflexively headbutt those who attack you in melee.


Message History

2 starspawn tentacles come into view.
You barely miss the starspawn tentacle. You slash the starspawn tentacle!
Space warps horribly around the starspawn tentacle!
You destroy the starspawn tentacle!
Tentacles burst from the starspawn's body! 2 starspawn tentacles come into view.
You block the starspawn tentacle's attack.
You hit the starspawn tentacle.
The tentacled starspawn is devoured by a tear in reality.
You slice the brown very ugly thing!!
Your headbutt misses the brown very ugly thing.
The brown very ugly thing is moderately wounded.
The brown very ugly thing pecks you. The acid corrodes you!
You are splashed with acid!
You slash the brown very ugly thing!
Space warps horribly around the brown very ugly thing!!
The brown very ugly thing is severely wounded.
The brown very ugly thing pecks you but does no damage.
You slash the brown very ugly thing!
Space warps horribly around the brown very ugly thing!
The brown very ugly thing is almost dead.
You slice the brown very ugly thing!!
You kill the brown very ugly thing!
Lugonu accepts your kill.
You slice the stone giant!!
Space warps around the stone giant.
You block the stone giant's attack.
You hit the stone giant.
The stone giant is moderately wounded.
The stone giant hits you.
You slice the stone giant!!
Space warps horribly around the stone giant.
The stone giant is severely wounded.
You hit the stone giant.
The stone giant is severely wounded.
The stone giant blinks!
The stone giant throws a large rock.
The large rock hits you!!!
* * * LOW HITPOINT WARNING * * *
The stone giant throws a large rock.
The large rock hits you!!!
You die...

### ### ## ≈≈###
########ß######## #.. ..≈§##
##....#.....#....## #.. ...≈§#
#P...............P# ..# ##..##
##...............## ##..## ##..#
#....#.....#....# #G..u. #..##
##...##.@.##u..## ##.# . ###...#
#....##.##§...# #C.##.# ..#...##
##.......§§..## ##wX─w.# .##....#
#...C....§..# #u.X>#.. .#.....##
##..ß...ß..## ##.//.... ....†...#
####...#### #.//##.#. ........##
#'''# ##§/.##... ....##...##
##...## ##§§#......
##.†#.....####....§####§§§....###


You could see a stone giant (summoned).

Vanquished Creatures
  A quicksilver dragon (WizLab)
  6 tentacled starspawn
  A thorn hunter (Swamp:4)
  Donald (Swamp:2)
  Kirke (D:13)
  2 fenstrider witches (Swamp:3)
  4 emperor scorpions (Spider:4)
  3 ghost moths
  A balrug (Gauntlet)
  4 broodmothers
  A cacodemon (WizLab)
  An ironbound preserver (Vaults:1)
  3 stone giants (WizLab)
  7 very ugly things (WizLab)
  An ironbound thunderhulk (Vaults:1)
  4 eleionomae
  5 bunyips
  3 dire elephants (Vaults:1)
  3 spark wasps
  4 entropy weavers
  2 great orbs of eyes (WizLab)
  2 ghost crabs
  A shambling mangrove (Swamp:4)
  5 vault guards (D:14)
  21 hydras
  12 alligators
  An ogre mage (D:15)
  9 centaur warriors
  4 jorogumos
  4 radroaches
  Erica (D:10)
  A death knight (D:14)
  7 dancing weapons (Spider:1)
  9 two-headed ogres
  7 death yaks
  6 boulder beetles
  A death scarab (Spider:4)
  11 demonic crawlers
  A tengu warrior (Gauntlet)
  A thrashing horror (Gauntlet)
  An occultist (D:15)
  6 orc high priests (Orc:2)
  2 spriggan berserkers (Swamp:4)
  8 spriggans
  Nergalle (Orc:1)
  Amaemon (D:11)
  A wretched star (WizLab)
  6 pharaoh ants
  5 skeletal warriors
  5 deep trolls
  3 goliath frogs
  A skyshark (Lair:3)
  5 spriggan druids
  The ghost of Lightli the Basher, a novice CoCK of Xom (D:8)
  10 bog bodies
  8 swamp dragons
  6 glowing orange brains (WizLab)
  9 orb spiders
  2 arcanists
  A deep elf archer (D:14)
  An ironbound convoker (Vaults:1)
  A lindwurm (Lair:3)
  Pikel (D:3)
  6 steelbarb worms
  An orange crystal statue (WizLab)
  A sun moth (Spider:3)
  A necromancer (Swamp:3)
  A deep elf pyromancer (D:12)
  9 orc knights
  27 wolf spiders
  5 will-o-the-wisps
  17 ugly things
  A cyclops (D:14)
  Maurice (D:11)
  2 orc sorcerers
  5 moths of wrath
  2 manticores
  Joseph (Lair:1)
  A kobold blastminer (Orc:1)
  A vault sentinel (Vaults:1)
  3 meliai (Spider:1)
  A meliai (shapeshifter) (D:14)
  3 elephants
  3 black mambas
  6 torpor snails
  4 eyes of devastation (WizLab)
  4 ice statues
  The ghost of nikkithebee the Slasher, a novice GnRe (D:4)
  A torpor snail (shapeshifter) (D:15)
  An orange demon (D:11)
  Maggie (D:7)
  11 cane toads
  A gargoyle (D:14)
  Jeremiah (Lair:1)
  3 rime drakes
  10 yaktaurs
  2 freezing wraiths (D:14)
  An efreet (D:15)
  4 komodo dragons
  5 tengu conjurers
  6 trolls
  A bloated husk (Swamp:4)
  8 hornets
  10 tyrant leeches
  9 polar bears
  Grinder (D:6)
  55 tarantellas
  11 blink frogs
  8 slime creatures
  26 jumping spiders
  21 dream sheep
  3 shadows
  27 culicivoras
  6 wyverns
  3 wraiths
  2 dire elephant simulacra (IceCv)
  3 vampires
  5 small abominations
  33 yaks
  2 humans (D:14)
  A yak (shapeshifter) (D:14)
  3 fire elementals (D:14)
  2 golden eyes (WizLab)
  3 basilisks
  3 hogs (D:13)
  3 wargs
  67 redbacks
  23 vampire mosquitoes
  Menkaure (D:7)
  Edmund (D:6)
  2 death yak simulacra (IceCv)
  2 acid dragons
  16 water moccasins
  12 swamp worms
  5 hell hounds
  Duvessa (D:4)
  8 swamp drakes
  A meliai simulacrum (D:14)
  37 orc warriors
  2 ice beasts (D:7)
  2 sky beasts
  4 black bears
  2 ogres
  5 wolves (Gauntlet)
  8 starcursed masses (WizLab)
  2 phantoms
  14 centaurs
  2 kobold brigands
  Blork the orc (D:4)
  11 bullfrogs
  2 cane toad simulacra (IceCv)
  2 gnoll sergeants
  2 two-headed ogre simulacra (D:12)
  A scorpion (D:5)
  7 wights
  Dowan (D:4)
  2 elephant simulacra
  4 electric eels
  A howler monkey (D:9)
  A gnoll bouda (D:4)
  Crazy Yiuf (D:6)
  30 orc priests
  A sleepcap (D:6)
  Jessica (D:3)
  2 iguanas (D:5)
  A polar bear simulacrum (D:12)
  22 orc wizards
  A troll simulacrum (D:12)
  2 spriggan simulacra (D:12)
  14 gnolls
  A naga simulacrum (D:12)
  10 adders
  3 shadow imps
  2 white imps (D:6)
  2 ufetubi (D:4)
  3 ribbon worms
  A dart slug (D:5)
  81 orcs
  4 ball pythons (D:3)
  3 endoplasms
  A giant cockroach (D:4)
  4 goblins
  7 hobgoblins
  3 jackals (D:4)
  4 quokkas
  A bat (D:1)
  3 frilled lizards
  9 kobolds
  2 rats (D:1)
  9 starspawn tentacles
1130 creatures vanquished.

Vanquished Creatures (collateral kills)
  Jorgrun (Spider:1)
  A minotaur (Gauntlet)
  A hydra (Lair:3)
  3 gnolls (D:4)
  A goblin (D:4)
7 creatures vanquished.

Vanquished Creatures (others)
  An orb spider (Spider:4)
  A bog body (Swamp:3)
  A will-o-the-wisp (Swamp:3)
  A bloated husk (Swamp:3)
  A hornet (Swamp:3)
  A spriggan (Swamp:3)
  A jumping spider (Spider:4)
  A human (D:13)
  A swamp worm (Swamp:3)
  18 foxfires
  28 starspawn tentacles
55 creatures vanquished.

Grand Total: 1192 creatures vanquished

Notes
Turn   | Place    | Note
-------+----------+-------------------------------------------
     0 | D:1      | juan097 the Minotaur Berserker began the quest for the Orb.
     0 | D:1      | Reached XP level 1. HP: 19/19 MP: 0/0
   246 | D:1      | Found Giekk's Armour Shop.
   270 | D:1      | Found Tyrphiwuf's Magic Scroll Boutique.
   314 | D:1      | Reached XP level 2. HP: 27/27 MP: 1/1
   800 | D:2      | Found an opulent altar of Gozag.
   915 | D:2      | Found a faded altar of an unknown god.
   942 | D:2      | Reached skill level 3 in Armour
  1208 | D:3      | Reached XP level 3. HP: 33/33 MP: 2/2
  1398 | D:3      | Reached ** piety under Trog
  1470 | D:3      | Reached XP level 4. HP: 41/41 MP: 3/3
  1734 | D:3      | Noticed Jessica
  1739 | D:3      | Killed Jessica
  1893 | D:4      | Found a transporter.
  1895 | D:4      | Noticed a phantom
  1969 | D:3      | Reached XP level 5. HP: 33/47 MP: 4/4
  2040 | D:4      | Reached skill level 5 in Fighting
  2040 | D:4      | Reached skill level 4 in Armour
  2044 | D:4      | Reached skill level 5 in Axes
  2172 | D:4      | Noticed Pikel
  2172 | D:4      | Noticed a lemure
  2172 | D:4      | Noticed a lemure
  2173 | D:4      | Noticed a lemure
  2195 | D:4      | Noticed a lemure
  2203 | D:3      | Killed Pikel
  2204 | D:3      | Reached skill level 6 in Armour
  2204 | D:3      | Reached XP level 6. HP: 57/57 MP: 5/5
  2204 | D:3      | Reached XP level 7. HP: 63/63 MP: 6/6
  2293 | D:4      | Noticed Dowan
  2326 | D:4      | Killed Dowan
  2359 | D:4      | Noticed Blork the orc
  2371 | D:4      | Killed Blork the orc
  2527 | D:4      | Noticed Duvessa
  2547 | D:4      | Noticed a small abomination
  2585 | D:5      | Entered Level 5 of the Dungeon
  2690 | D:5      | Reached skill level 7 in Armour
  2836 | D:5      | Found a large runed translucent door.
  2836 | D:5      | Found a large runed translucent door.
  2854 | D:5      | Reached XP level 8. HP: 33/70 MP: 7/7
  2990 | D:5      | Noticed a troll
  2999 | D:5      | Found a large runed translucent door.
  2999 | D:5      | Found a large runed translucent door.
  3148 | D:5      | Found a staircase to the Ecumenical Temple.
  3183 | Temple   | Entered the Ecumenical Temple
  3249 | D:5      | Noticed a troll
  3259 | D:5      | Killed a troll
  3260 | D:5      | Reached skill level 8 in Armour
  3453 | D:5      | Reached skill level 10 in Axes
  3460 | D:5      | Identified the +5 scale mail of the Pure Curses {rElec
                  | rPois rF- Will+}
  3832 | D:6      | Noticed Edmund
  3870 | D:6      | Killed Edmund
  4021 | D:6      | Reached XP level 9. HP: 78/78 MP: 8/8
  4335 | D:6      | Noticed Grinder
  4345 | D:6      | Killed Grinder
  4346 | D:6      | Reached skill level 9 in Armour
  4605 | D:6      | Found a runed translucent door.
  4606 | D:6      | Noticed Crazy Yiuf
  4652 | D:7      | Noticed Maggie
  4662 | D:7      | Killed Maggie
  4663 | D:7      | Reached skill level 5 in Dodging
  5096 | D:7      | Found a flagged portal.
  5274 | Bailey   | Entered a bailey
  5316 | Bailey   | Reached *** piety under Trog
  5417 | Bailey   | Reached skill level 10 in Armour
  5417 | Bailey   | Reached XP level 10. HP: 52/90 MP: 9/9
  5767 | D:7      | Noticed Menkaure
  5769 | D:7      | Killed Menkaure
  5770 | D:7      | Reached skill level 1 in Shields
  6188 | D:8      | Noticed Lightli's ghost (novice CoCK)
  6190 | D:8      | Found a runed translucent door.
  6726 | D:8      | Found an ancient bone altar of Kikubaaqudgha.
  8006 | D:6      | Killed Crazy Yiuf
  8085 | D:5      | Identified the +5 arbalest "Pieddeh" {freeze, rN+}
  8092 | D:5      | Identified the +8 rapier "Buizec" {spect, Int+5}
  8341 | D:4      | Killed Duvessa
  8341 | D:4      | Reached **** piety under Trog
  8445 | D:4      | Found a one-way gate to the infinite horrors of the Abyss.
  8445 | D:4      | Noticed nikkithebee's ghost (novice GnRe)
  8454 | D:4      | Found a transporter.
  8503 | D:4      | Found Zozudgh's Magic Scroll Shop.
  8508 | D:4      | Bought a scroll of noise for 12 gold pieces
  8625 | D:4      | Bought a scroll of enchant armour for 90 gold pieces
  8726 | D:1      | Bought a scroll of acquirement for 572 gold pieces
  8726 | D:1      | Bought a scroll of identify for 22 gold pieces
  8726 | D:1      | Bought a scroll of identify for 22 gold pieces
  8733 | D:1      | Acquired a manual of Armour
  8844 | D:4      | Killed nikkithebee's ghost
  8845 | D:4      | Reached skill level 5 in Shields
  8887 | Abyss:1  | Cast into level 1 of the Abyss (kobold brigand)
  8897 | Abyss:1  | Noticed a tentacled starspawn
  8918 | Abyss:1  | Killed a tentacled starspawn
  8919 | Abyss:1  | Reached skill level 10 in Fighting
  8924 | Abyss:1  | Noticed a sixfirhy
  8925 | Abyss:1  | Noticed a smoke demon
  8933 | Abyss:2  | Found a corrupted altar of Lugonu.
  8941 | Abyss:2  | Fell from the grace of Trog
  8941 | Abyss:2  | Became a worshipper of Lugonu the Unformed
  8941 | Abyss:2  | Reached * piety under Lugonu
  8941 | Abyss:2  | Reached ** piety under Lugonu
  8942 | D:4      | Escaped the Abyss
  9260 | D:3      | Got Jessica's Cyclopedia of Skeletons
  9346 | D:8      | Got the Reference Book on Spagyria
  9399 | D:10     | Entered Level 10 of the Dungeon
  9450 | D:10     | Found Isegah's Antique Weapon Emporium.
  9506 | D:10     | Reached XP level 11. HP: 99/99 MP: 10/10
  9527 | D:10     | Found a staircase to the Lair.
  9527 | D:10     | Banished a two-headed ogre
  9645 | D:10     | HP: 4/99 [polar bear[the rage of Trog] (10)]
  9658 | D:10     | Noticed Erica
  9882 | D:10     | Killed Erica
 10016 | D:9      | Banished a two-headed ogre
 10369 | D:10     | Found a runed translucent door.
 10369 | D:10     | Noticed TheLasagnaBaron's ghost (journeyman OnBe)
 10695 | Lair:1   | Entered Level 1 of the Lair of Beasts
 11015 | Lair:1   | Noticed Joseph
 11032 | Lair:1   | Killed Joseph
 11036 | Lair:1   | Reached skill level 10 in Shields
 11726 | Lair:1   | Paralysed by Trog for 4 turns
 11757 | Lair:1   | Reached skill level 1 in Evocations
 11856 | Lair:1   | Noticed Jeremiah
 11866 | Lair:1   | Killed Jeremiah
 12301 | Lair:2   | Reached skill level 11 in Armour
 12426 | Lair:2   | Reached XP level 12. HP: 108/108 MP: 11/11
 12681 | Lair:2   | Found a staircase to the Swamp.
 13102 | Lair:2   | Reached skill level 1 in Invocations
 13319 | Lair:3   | Found a hole to the Spider Nest.
 13383 | Lair:3   | Noticed a death yak
 13384 | Lair:3   | Noticed a death yak
 13384 | Lair:3   | Noticed a death yak
 13384 | Lair:3   | Noticed a death yak
 13384 | Lair:3   | Noticed a death yak
 13409 | Lair:2   | Killed a death yak
 13409 | Lair:2   | Reached *** piety under Lugonu
 13410 | Lair:2   | Reached skill level 12 in Armour
 13436 | Lair:2   | Killed a death yak
 13486 | Lair:2   | Killed a death yak
 13612 | Lair:3   | Killed a death yak
 13613 | Lair:3   | Reached skill level 15 in Axes
 13618 | Lair:3   | Killed a death yak
 13748 | Lair:3   | Reached skill level 13 in Armour
 14118 | Lair:3   | Banished a two-headed ogre
 14183 | Lair:3   | Reached XP level 13. HP: 89/118 MP: 10/15
 14640 | Lair:3   | Reached skill level 14 in Armour
 14864 | Lair:3   | Identified the +4 ring mail "Looba Laurcha" {Harm *Corrode
                  | rN+ Will++}
 14928 | Lair:4   | Reached skill level 5 in Invocations
 14932 | Lair:4   | Reached **** piety under Lugonu
 16125 | Lair:4   | Found an ancient bone altar of Kikubaaqudgha.
 16442 | Lair:5   | Entered Level 5 of the Lair of Beasts
 16750 | D:10     | Was forgiven by Trog
 16881 | D:11     | Found a gate leading to a gauntlet.
 16886 | D:11     | Noticed Amaemon
 16894 | D:11     | Killed Amaemon
 16979 | D:11     | Noticed Maurice
 16996 | D:11     | Killed Maurice
 17082 | Gauntlet | Entered a Gauntlet
 17082 | Gauntlet | Found a transporter.
 17094 | Gauntlet | Found a transporter.
 17094 | Gauntlet | Found a transporter.
 17095 | Gauntlet | Found a transporter.
 17103 | Gauntlet | Found a transporter.
 17106 | Gauntlet | Found a transporter.
 17107 | Gauntlet | Found a transporter.
 17111 | Gauntlet | Found a runed translucent door.
 17115 | Gauntlet | Found a transporter.
 17118 | Gauntlet | Found a transporter.
 17119 | Gauntlet | Found a transporter.
 17127 | Gauntlet | Found a runed translucent door.
 17127 | Gauntlet | Noticed a balrug
 17130 | Gauntlet | Found a transporter.
 17130 | Gauntlet | Found a transporter.
 17131 | Gauntlet | Found a transporter.
 17140 | Gauntlet | Found a transporter.
 17418 | Gauntlet | Killed a balrug
 17428 | Gauntlet | Identified the +1 helmet of Xumowk {rF++ rN+ Stlth+}
 17784 | Gauntlet | Identified the ring of Gikk {MP+9 AC+4 Int+4 Dex-2 SInv}
 17784 | Gauntlet | Noticed a minotaur
 17792 | Gauntlet | Killed a minotaur
 17820 | Gauntlet | Identified the staff "Reiwkan" {rElec Dex+3 Air}
 17820 | Gauntlet | Identified the storm talisman of the Exiled Brambles {rF+
                  | rC+ rN+ Dex-4}
 17987 | D:12     | Acquired 751 gold pieces
 18021 | D:12     | Found Ojeth's Weapon Shoppe.
 18078 | D:12     | Found a flickering gateway to a bazaar.
 18099 | Bazaar   | Entered a bazaar
 18113 | Bazaar   | Found Byacze's Magic Scroll Emporium.
 18113 | Bazaar   | Found Cymaosefam's General Store.
 18117 | Bazaar   | Bought a potion of attraction for 27 gold pieces
 18123 | Bazaar   | Bought a scroll of teleportation for 30 gold pieces
 18123 | Bazaar   | Bought a scroll of teleportation for 30 gold pieces
 18123 | Bazaar   | Bought a scroll of fear for 40 gold pieces
 18123 | Bazaar   | Bought a scroll of poison for 40 gold pieces
 18134 | Bazaar   | Found Araisaw's Assorted Antiques.
 18138 | Bazaar   | Bought 2 orange potions for 18 gold pieces
 18138 | Bazaar   | Bought a red potion for 9 gold pieces
 18148 | Bazaar   | Found Ytehel's Magic Scroll Emporium.
 18148 | Bazaar   | Found Hur Bes's Weapon Shoppe.
 18158 | Bazaar   | Bought a scroll of enchant weapon for 105 gold pieces
 18158 | Bazaar   | Bought a scroll of enchant weapon for 105 gold pieces
 18158 | Bazaar   | Bought a scroll of identify for 28 gold pieces
 18158 | Bazaar   | Bought a scroll of identify for 28 gold pieces
 18158 | Bazaar   | Bought a scroll of teleportation for 42 gold pieces
 18169 | Bazaar   | Found Kiopim's Magic Scroll Emporium.
 18169 | Bazaar   | Found Figa Jid's Armour Shoppe.
 18179 | Bazaar   | Bought a scroll of blinking for 90 gold pieces
 18179 | Bazaar   | Bought a scroll of blinking for 90 gold pieces
 18179 | Bazaar   | Bought a scroll of enchant armour for 90 gold pieces
 18198 | Bazaar   | Bought a scroll of teleportation for 36 gold pieces
 18198 | Bazaar   | Bought a scroll of identify for 24 gold pieces
 18226 | Bazaar   | Bought a scroll of fog for 40 gold pieces
 18240 | Bazaar   | Bought a scroll of silence for 95 gold pieces
 18240 | Bazaar   | Bought a scroll of identify for 20 gold pieces
 18240 | Bazaar   | Bought a scroll of enchant weapon for 75 gold pieces
 18240 | Bazaar   | Bought a scroll of poison for 40 gold pieces
 18246 | Bazaar   | Bought a potion of invisibility for 72 gold pieces
 18363 | D:12     | Found a frozen archway.
 18398 | D:12     | Reached ***** piety under Lugonu
 18410 | D:12     | Reached skill level 15 in Armour
 18563 | IceCv    | Entered an ice cave
 18710 | IceCv    | Identified the ring "Wugaaky" {rPois Str+6 Stlth+}
 18729 | IceCv    | Reached XP level 14. HP: 126/127 MP: 19/19
 19140 | IceCv    | Identified the ring "Hyirch Aryci" {Fire rPois rCorr Int+7
                  | Dex-5}
 19662 | D:12     | Found a staircase to the Orcish Mines.
 19697 | Orc:1    | Entered Level 1 of the Orcish Mines
 19853 | Orc:1    | Found a runed translucent door.
 19853 | Orc:1    | Noticed Liray's ghost (journeyman FeSu)
 20021 | Orc:2    | Entered Level 2 of the Orcish Mines
 20102 | Orc:2    | Found a roughly hewn altar of Beogh.
 20499 | Orc:2    | Found a staircase to the Elven Halls.
 20940 | Orc:2    | Reached ****** piety under Lugonu
 20954 | Orc:2    | Found Borgh's General Store.
 20955 | Orc:2    | Found Balu's Book Emporium.
 20956 | Orc:2    | Found Jouholiv's Weapon Emporium.
 20956 | Orc:2    | Found Pamepuw's Weapon Emporium.
 21406 | Orc:2    | Reached skill level 16 in Armour
 21649 | Orc:1    | Noticed Nergalle
 21795 | Orc:1    | Killed Nergalle
 22123 | Orc:2    | Bought a potion of haste for 120 gold pieces
 22123 | Orc:2    | Bought a scroll of identify for 24 gold pieces
 22123 | Orc:2    | Bought 2 potions of heal wounds for 120 gold pieces
 22375 | D:4      | Bought a scroll of identify for 24 gold pieces
 22375 | D:4      | Bought a scroll of identify for 24 gold pieces
 22377 | D:4      | Bought a scroll of teleportation for 36 gold pieces
 22485 | D:1      | Bought a scroll of enchant weapon for 82 gold pieces
 22487 | D:1      | Upgraded the game from 0.32-a0-599-gba8f9cf90e to
                  | 0.32-a0-607-g64ea0e4219
 22488 | D:1      | Identified a +8 broad axe of distortion (a +6 broad axe of
                  | electrocution corrupted by Lugonu)
 22488 | D:1      | Received a gift from Lugonu
 22873 | D:13     | Noticed Kirke
 22926 | D:13     | Killed Kirke
 22927 | D:13     | Reached skill level 10 in Invocations
 23187 | D:13     | Noticed Rupert
 23497 | D:14     | Reached skill level 1 in Throwing
 23576 | D:14     | Identified the +0 robe of the Elven Halls {Will+ Regen+
                  | Dex+3}
 23786 | D:14     | Found a shimmering altar of Xom.
 23796 | D:14     | Noticed Azrael
 23804 | D:14     | Banished Azrael
 23943 | D:14     | Found a shimmering altar of Xom.
 23944 | D:14     | Found a shimmering altar of Xom.
 23944 | D:14     | Found a shimmering altar of Xom.
 23944 | D:14     | Noticed Nessos
 23945 | D:14     | Found a shimmering altar of Xom.
 23945 | D:14     | Found a shimmering altar of Xom.
 23946 | D:14     | Found a shimmering altar of Xom.
 24013 | D:14     | Reached XP level 15. HP: 136/138 MP: 21/21
 24596 | D:14     | Found a gate to the Vaults.
 24786 | D:15     | Entered Level 15 of the Dungeon
 25503 | D:15     | Reached skill level 5 in Throwing
 25783 | D:15     | Found a staircase to the Depths.
 26280 | D:13     | Noticed Frances
 26280 | D:13     | Paralysed by Rupert for 2 turns
 26400 | Swamp:1  | Entered Level 1 of the Swamp
 26830 | Swamp:1  | Reached skill level 10 in Throwing
 26914 | Swamp:1  | Reached XP level 16. HP: 139/146 MP: 22/24
 27530 | D:8      | Killed Lightli's ghost
 27714 | Swamp:2  | Noticed Donald
 27732 | Swamp:2  | Killed Donald
 27878 | Swamp:2  | Noticed a thorn hunter
 28143 | Swamp:1  | Banished a thorn hunter
 28337 | Swamp:2  | Reached skill level 17 in Armour
 28469 | Swamp:2  | Identified the dragon-blood talisman of Baubesoa {Str+4}
 28628 | Swamp:2  | Identified the +9 trident "Beastslayer" {elec, Will+++}
 28776 | Swamp:3  | Found a runed translucent gate.
 28776 | Swamp:3  | Found a runed translucent gate.
 28776 | Swamp:3  | Found a runed translucent gate.
 28778 | Swamp:3  | Noticed Vioczuc's ghost (adept TrCK)
 29316 | Swamp:3  | Reached skill level 15 in Fighting
 29462 | Swamp:3  | Banished Vioczuc's ghost
 29577 | Swamp:3  | Identified the +1 cloak of Forking Paths {Stlth+}
 29628 | Swamp:3  | Reached skill level 18 in Armour
 29933 | Swamp:3  | Paralysed by a fenstrider witch for 2 turns
 30079 | Swamp:3  | Identified the +0 pair of boots of Inquiry {Harm rC-
                  | Will+++ Stlth-}
 30265 | Swamp:4  | Entered Level 4 of the Swamp
 31143 | Swamp:4  | Identified the +0 pair of boots "Raipn" {rF+ Slay+3}
 31466 | Swamp:4  | Reached skill level 19 in Armour
 31513 | Swamp:4  | Reached XP level 17. HP: 154/156 MP: 26/26
 31545 | Swamp:4  | Reached skill level 1 in Stealth
 32031 | Swamp:4  | Got a decaying rune of Zot
 32275 | Spider:1 | Entered Level 1 of the Spider Nest
 32818 | Spider:1 | Noticed Jorgrun
 33194 | Spider:1 | Killed Jorgrun
 33260 | Spider:1 | Found the +7 mace of Variability {chaos, chaos arc}
 33292 | Spider:1 | Identified the -1 pair of boots of the Old World {Rampage
                  | rPois rF+}
 33457 | Spider:1 | Found a runed translucent door.
 33499 | Spider:1 | Found the +7 Kryia's mail coat {PotionHeal*2 rC+}
 33779 | Spider:2 | Identified the +0 ring mail "Guceci" {Rampage ^Drain rPois
                  | Int+5}
 34136 | Spider:2 | Noticed Arachne
 34165 | Spider:2 | Banished Arachne
 34471 | Spider:2 | Reached skill level 5 in Stealth
 34510 | Spider:2 | Reached XP level 18. HP: 166/166 MP: 27/27
 35565 | Spider:3 | Reached skill level 10 in Dodging
 35714 | Spider:3 | Reached skill level 15 in Shields
 36379 | Spider:4 | Entered Level 4 of the Spider Nest
 36461 | Spider:4 | Reached skill level 5 in Evocations
 37031 | Spider:4 | Identified the +10 flail of Cesoegg {heavy, rF+ Int+4
                  | Dex+2}
 37613 | Spider:4 | Got a gossamer rune of Zot
 37634 | Spider:4 | Identified the +0 hat of the Desolation of Salt {-Tele
                  | Str+5 Dex+3}
 37821 | Lair:3   | Upgraded the game from 0.32-a0-607-g64ea0e4219 to
                  | 0.32-a0-612-g1c984fe9d1
 37978 | Vaults:1 | Entered Level 1 of the Vaults
 38220 | Vaults:1 | Reached XP level 19. HP: 87/174 MP: 17/29
 38299 | Vaults:1 | Found a magical portal.
 38317 | WizLab   | Entered Lehudib's Moon Base
 38435 | WizLab   | Found a transporter.
 38494 | WizLab   | Paralysed by accursed screaming for 1 turns
 39465 | WizLab   | Identified the +0 pair of boots "Birum" {rElec Int+4 SInv}
 39504 | WizLab   | Reached skill level 15 in Invocations
 39733 | WizLab   | Hit by a large rock thrown by a stone giant

Illustrated notes

Levels and vault maps discovered:
D:1:      doesnt_arrival_eight_statues, layout_loops_ring, serial_shops,
          nicolae_shop_just_a_little_nook, nicolae_square_shop
D:2:      layout_rooms, shapermc_ecumenical_altar_starsandcircs, basic_altar,
          hangedman_decor_opposing
D:3:      layout_loops_ring, kennysheep_jessica_study
D:4:      layout_cave_pools, serial_shops, kennysheep_little_box,
          gammafunk_ghost_abyssal_escape, uniq_duvessa, uniq_pikel,
          uniq_blork_the_orc
D:5:      layout_loops_cross, minmay_temple_entry_offerings,
          minmay_hollow_rounded_squares
D:6:      layout_rooms, nicolae_figureground_pulse, uniq_crazy_yiuf_cottage,
          uniq_grinder, uniq_edmund
D:7:      layout_loops_corners, enter_bailey_2, uniq_menkaure, uniq_maggie
D:8:      layout_basic, mainiacjoe_overflow_small_starburst,
          hellmonk_ghost_happy_afterlife, minivault_1
D:9:      layout_loops_corners, kennysheep_generic_room_13
D:10:     layout_big_octagon, serial_shops, shop, gammafunk_ghost_grave,
          uniq_erica
D:11:     layout_rooms, gauntlet_entry_generic, uniq_maurice, uniq_amaemon
D:12:     layout_roguey, orc_0_dummy, portal_ice_cave_entry_ice_simulacra,
          serial_shops, bzr_entry_customers, nicolae_shop_trees,
          minmay_misc_feat_encased
D:13:     layout_basic, uniq_rupert, uniq_kirke, uniq_frances
D:14:     layout_loops_corners, grunt_vaults_entry_fortified, xom_shifter_show,
          uniq_azrael, uniq_nessos
D:15:     hangedman_depths_entry_civil_slaughter, layout_long_grid,
          nicolae_concentric_dashed_squares_mild
Temple:   nicolae_temple_the_god_donut
Lair:1:   layout_layer_cave, infiniplex_staircase_pool_2, grunt_megastairs_3,
          lemuel_fruit_fields, uniq_jeremiah, uniq_joseph
Lair:2:   layout_regular_city, swamp_mist_pool, serial_bayou_shore_a,
          grunt_megastairs_4, lemuel_fruit_fields
Lair:3:   layout_loops_ring, dummy_spider_entry, chequers_serial_rivers_micro_b,
          hangedman_lair_generics_rect
Lair:4:   layout_misc_corridors, basic_altar, st_stairs_12
Lair:5:   minmay_lair_end_frog_pond, layout_regular_city,
          dpeg_slime_entry_corner, grunt_forest_small_clearings
Swamp:1:  layout_falls_marsh, evilmike_swamp_ruin_rubble_2
Swamp:2:  layout_falls_marsh, hangedman_swamp_cone, swamp_pool_3, uniq_donald
Swamp:3:  nicolae_swamp_standing_stones, layout_falls_marsh,
          gammafunk_ghost_hydra_chop, evilmike_swamp_ruin_rubble_1,
          swamp_pool_1_2, infiniplex_staircase_pool
Swamp:4:  swamp_basic_johnstein, layout_basic_swamp
Spider:1: cheibrodos_spider_deadly_dance, worms_lemuel, uniq_jorgrun
Spider:2: layout_spider_delve, drop_trap, nicolae_arachne_temple,
          hangedman_spider_tarantella_strand
Spider:3: layout_spider_delve
Spider:4: guppyfry_spider_rune, uniq_arachne
Orc:1:    layout_caves, ebering_ghost_inner_flame, uniq_nergalle
Orc:2:    st_orc_pillars, layout_diamond_mine, nicolae_orc_beogh_chapel
Vaults:1: infiniplex_enter_wizlab_spiral, nicolae_vaults_oval_intersection,
          nicolae_vaults_shipping_containers_5, v_alt_pattern_2,
          nicolae_vaults_doubleplus_tesselated, nicolae_vaults_tangram_2,
          nicolae_vaults_cochlea, grunt_vaults_focal, layout_vaults_quadrants
WizLab:   wizlab_lehudib

Skill      XL: |  1  2  3  4  5  6  7  8  9 10 11 12 13 14 15 16 17 18 19 |
---------------+----------------------------------------------------------+-----
Fighting       | 4 6 8 10 12 14 15 16 17 | 17.3
Axes           | 4 6 7 10 11 12 14 15 16 17 18 | 18.0
Armour         | 3 6 7 8 10 11 13 15 16 19 | 19.0
Dodging        | 3 5 6 7 9 11 | 11.8
Shields        | 7 10 12 13 14 15 | 15.0
Evocations     | 2 4 5 6 |  6.8
Invocations    | 4 8 10 12 14 15 | 15.0
Throwing       | 2 10 11 12 13 | 13.2
Stealth        | 5 6 |  6.0

Action                     |  1- 3 |  4- 6 |  7- 9 | 10-12 | 13-15 | 16-18 | 19-21 || total
---------------------------+-------+-------+-------+-------+-------+-------+-------++-------
  Melee: Hand axe          |    64 |    43 |   103 |       |       |       |       ||   210
         Headbutt          |     6 |    11 |    44 |    98 |   181 |   208 |    38 ||   586
         War axe           |       |       |    46 |       |       |       |       ||    46
         Broad axe         |       |       |    52 |   437 |   928 |   849 |   121 ||  2387
   Fire: Sling             |       |    12 |    54 |    19 |       |       |       ||    85
  Throw: Boomerang         |       |       |     4 |    13 |    77 |   355 |    21 ||   470
         Dart              |       |       |     5 |     2 |       |    18 |       ||    25
         Javelin           |       |       |       |       |     4 |       |       ||     4
 Invoke: Berserk           |       |     1 |     3 |       |       |       |       ||     4
         Trog's Hand       |       |       |     2 |       |       |       |       ||     2
         Depart the Abyss  |       |       |       |     1 |       |       |       ||     1
         Banish            |       |       |       |       |     3 |     2 |       ||     5
         Brand Weapon With |       |       |       |       |     1 |       |       ||     1
  Evoke: Wand              |       |       |     2 |     2 |     7 |    13 |       ||    24
         Phial of floods   |       |       |       |       |     3 |     1 |       ||     4
         Box of beasts     |       |       |       |       |     2 |     1 |       ||     3
         Lightning rod     |       |       |       |       |       |     8 |       ||     8
    Use: Scroll            |       |       |     7 |    13 |    32 |     9 |     5 ||    66
         Potion            |       |       |       |     4 |     5 |     7 |     4 ||    20
   Stab: Sleeping          |       |       |       |       |       |     1 |     3 ||     4
         Distracted        |       |       |       |       |       |       |     1 ||     1
 Armour: Plate armour      |    55 |    43 |   106 |   177 |   590 |   576 |       ||  1547
         Animal skin       |     1 |       |       |       |       |       |       ||     1
         Scale mail        |       |       |    82 |   165 |   129 |   285 |    72 ||   733
  Dodge: Dodged            |    18 |    23 |   117 |   163 |   319 |   338 |    26 ||  1004
  Block: Kite shield       |       |       |       |   284 |   662 |   649 |    35 ||  1630

Table legend: (Time is in decaauts)
 A = Elapsed time spent in this place.
 B = Non-inter-level travel time spent in this place.
 C = Inter-level travel time spent in this place.
 D = Time resting spent in this place.
 E = Time spent auto-exploring this place.
 F = Levels seen in this place.
 G = Mean time per level.
                   A        B        C        D        E       F      G
               +--------+--------+--------+--------+--------+-----+--------+
         Total |  39920 |  36473 |   3447 |   4051 |  23987 |  39 | 1023.6 |
       Dungeon |  16054 |  14014 |   2040 |    986 |  10041 |  15 | 1070.3 |
        Temple |      1 |      1 |      0 |      0 |      0 |   1 |    1.0 |
          Lair |   6904 |   6302 |    602 |    982 |   4329 |   5 | 1380.8 |
         Swamp |   5516 |   5227 |    289 |    913 |   3351 |   4 | 1379.0 |
   Spider Nest |   5143 |   4925 |    218 |    361 |   3176 |   4 | 1285.8 |
  Orcish Mines |   2464 |   2184 |    280 |    282 |   1316 |   2 | 1232.0 |
        Vaults |    321 |    305 |     16 |     39 |      0 |   1 |  321.0 |
         Abyss |     55 |     55 |      0 |      0 |      0 |   2 |   27.5 |
        Bazaar |    199 |    199 |      0 |      0 |      0 |   1 |  199.0 |
        Bailey |    490 |    490 |      0 |      0 |    292 |   1 |  490.0 |
      Ice Cave |    621 |    621 |      0 |      4 |    428 |   1 |  621.0 |
        Wizlab |   1380 |   1380 |      0 |     92 |    870 |   1 | 1380.0 |
      Gauntlet |    767 |    767 |      0 |    390 |    183 |   1 |  767.0 |
               +--------+--------+--------+--------+--------+-----+--------+

Top non-repeatable levels by time:
  Lair:3: 2579 daAuts
Spider:2: 1869 daAuts
  Lair:1: 1820 daAuts
  Lair:2: 1655 daAuts
 Swamp:3: 1575 daAuts
     D:5: 1553 daAuts
 Swamp:4: 1530 daAuts
   Orc:2: 1487 daAuts
 Swamp:1: 1438 daAuts
    D:14: 1382 daAuts
  WizLab: 1380 daAuts
     D:9: 1338 daAuts
Spider:4: 1317 daAuts
    D:15: 1288 daAuts
     D:7: 1244 daAuts
